AoeStats
← Reards3786

Coastal Forest

510929969Analyzed
4v4 RM · 6h ago on Oct 3, 2026· 11m 38s· 8 players
Game mode
Random Map
Map size
Large (8 player)
Population
200
Speed
Normal
Resources
Standard
Victory
Conquest
Starting age
Dark Age
Ending age
Imperial Age
RankedLock teamsTeams togetherTeam positionsShared explorationLock speedFull tech treeHidden civsTurbo modeCheats
Victory
Defeat
🇨🇱 Franks · Chile
787
+16
786
+16
🇲🇽 Aztecs · Mexico
695
+20
🇨🇱 Khmer · Chile
666
+21
🇨🇳 Chinese · China
807
-19
🇸🇬 Huns · Singapore
792
-19
🇲🇽 Inca · Mexico
777
-18
🇦🇺 Bulgarians · Australia
753
-17
Reards3786
ocelopilli Luis
0:27 Loom
卢本伟
0:35 Loom
Soldaris
3:27 Loom
11:33 Feudal Age
AITURBEM17
11:43 Feudal Age
Kevinsitoland
12:48 Feudal Age
קhaŋt0m קaiŋ O.o°
11:06 Feudal Age
Jx
0:27 Loom
Connection lost

Rejoining the realm…

Still unreachable

The connection could not be restored.

Session expired

The server has moved on; the page needs a fresh start.